Map: Lost and Found LE

Players

zqmdfg - Winner!

  • Race: Terran Terran
  • League: Diamond
  • Spawn Location: 1:00

JasonKnight

  • Race: Protoss Protoss
  • League: Diamond
  • Spawn Location: 7:00

VOD

Have the link to the VOD?

Description

Time

  • Played on: Oct. 6, 2018, 4:36 p.m.
  • Length: 9:43
Show
View Real Time Build Order
Export as new Build Order

zqmdfg Terran - Winner!

Build Orders: Reaper Expand, MMM Bio 

Get SALT Encoding   

  12  0:01  SCV  
  13  0:13  SCV  
  14  0:17  Supply Depot  
  14  0:25  SCV  
  15  0:29  Refinery  
  15  0:38  SCV  
  16  0:46  Barracks  
  16  0:51  SCV  
  17  1:03  SCV  
  18  1:15  SCV  
  19  1:33  Orbital Command  
  19  1:34  Reaper  
  20  1:44  Command Center  
  20  1:52  Supply Depot  
  20  1:58  SCV  
  21  2:07  Factory  
  21  2:09  Barracks Reactor  
  21  2:10  SCV  
  22  2:18  Refinery  
  22  2:22  SCV  
  23  2:35  SCV  
  24  2:47  SCV  
  25  2:52  Starport  
  25  2:54  Marine x2  
  25  2:56  Widow Mine  
  25  2:57  Orbital Command  
  29  2:59  SCV  
  30  3:11  SCV  
  30  3:12  Barracks  
  31  3:13  Marine x2  
  33  3:23  SCV x2  
  35  3:30  Widow Mine  
  35  3:33  Bunker  
  37  3:35  SCV x2  
  37  3:37  Medivac  
  41  3:47  SCV  
  41  3:48  Marine, SCV  
  43  3:49  Marine, Supply Depot  
  43  3:50  Supply Depot  
  45  3:58  Supply Depot  
  45  3:59  SCV  
  46  4:09  SCV  
  46  4:11  SCV  
  46  4:15  Engineering Bay  
  46  4:16  Supply Depot  
  47  4:21  SCV  
  47  4:23  Marine x2, SCV  
  47  4:24  Barracks Tech Lab  
  51  4:25  Factory Tech Lab  
  51  4:28  Refinery  
  51  4:33  SCV  
  51  4:34  Refinery  
  51  4:36  SCV  
  51  4:37  Barracks  
  53  4:42  Marine x2  
  53  4:44  Marine  
  53  4:45  SCV, Stimpack  
  57  4:48  SCV, Terran Infantry Weapons Level 1  
  58  4:57  SCV  
  59  5:00  Marine x2, SCV  
  59  5:03  Marauder  
  59  5:06  Siege Tank  
  67  5:09  SCV  
  67  5:12  SCV  
  63  5:21  SCV  
  63  5:24  SCV  
  63  5:25  Medivac  
  67  5:33  Marine x2, Barracks Tech Lab, Marauder  
  67  5:35  Barracks  
  68  5:36  SCV  
  68  5:38  Siege Tank  
  71  5:45  Supply Depot  
  71  5:48  Command Center  
  71  5:53  Supply Depot  
  71  5:55  Combat Shields, Marauder  
  73  6:01  Barracks  
  73  6:05  Medivac  
  73  6:09  Marine  
  73  6:10  Marine, Siege Tank  
  80  6:14  Marauder  
  80  6:16  Marauder  
  84  6:23  Supply Depot  
  84  6:28  Marine x2, Supply Depot  
  84  6:29  Barracks Reactor  
  86  6:36  Marauder  
  86  6:37  Marine, Medivac  
  91  6:42  Terran Infantry Armor Level 1  
  91  6:44  Supply Depot  
  91  6:46  Marine  
  90  6:47  Concussive Shells  
  90  6:48  Marine x2  
  92  6:56  Marauder  
  92  6:57  Marine  
  92  6:59  SCV x2  
  97  7:02  Supply Depot  
  97  7:03  Marine  
  97  7:05  Marine x3  
  97  7:06  Marine  
  102  7:09  Medivac  
  102  7:15  Marauder  
  106  7:17  Marauder  
  106  7:21  Marine  
  104  7:23  Marine x4  
  99  7:36  Marauder  
  101  7:38  Marauder  
  101  7:39  Marine, Medivac  
  101  7:40  Marine  
  101  7:42  Marine  
  101  7:43  Marine  
  104  7:48  Siege Tank  
  104  7:51  Marine  
  104  7:57  Marine  
  104  7:58  Marine, Marauder  
  108  8:00  Marine, Marauder  
  107  8:07  Marine  
  107  8:09  Marine, Medivac  
  107  8:15  Marine  
  107  8:16  Marine  
  107  8:18  Marine  
  107  8:19  Marauder  
  112  8:21  Marauder  
  112  8:26  Marine  
  110  8:27  Marine  
  110  8:30  Siege Tank  
  110  8:32  Marine  
  110  8:34  Marine  
  110  8:35  Orbital Command  
  110  8:36  Marine  
  110  8:39  SCV, Medivac  
  110  8:40  SCV  
  110  8:41  Marauder  
  118  8:42  Marauder  
  118  8:44  Marine  
  118  8:45  Marine  
  122  8:50  Marine  
  122  8:52  Marine  
  122  8:54  Marine  
  119  9:01  Marine  
  119  9:02  Marauder, Siege Tank  
  122  9:03  Marine  
  122  9:04  Marauder  
  122  9:08  Marine  
  122  9:09  Marine  
  121  9:12  Marine  
  116  9:19  Marine  
  116  9:20  Marine  
  121  9:37  Barracks  
  120  9:38  Barracks  
Show
View Real Time Build Order
Export as new Build Order

JasonKnight Protoss 

Build Orders: 1 Gate Expand, Blink Stalkers 

Get SALT Encoding   

  12  0:02  Probe  
  13  0:14  Probe  
  13  0:18  Pylon  
  14  0:27  Probe  
  15  0:35  Probe  
  15  0:37  Gateway  
  16  0:43  Probe  
  16  0:47  Assimilator  
  17  0:53  Probe  
  18  1:05  Probe  
  19  1:23  Nexus  
  19  1:25  Probe  
  20  1:36  Cybernetics Core  
  20  1:37  Probe  
  21  1:45  Assimilator  
  21  1:49  Probe  
  21  1:52  Pylon  
  22  2:01  Probe  
  22  2:02  Stalker  
  23  2:14  Warp Gate  
  25  2:16  Probe  
  26  2:28  Probe  
  27  2:31  Twilight Council  
  27  2:38  Blink  
  27  2:40  Probe  
  27  2:41  Probe  
  29  2:45  Stalker  
  31  2:52  Probe  
  31  2:53  Probe  
  33  3:04  Probe  
  33  3:05  Probe  
  35  3:15  Stalker  
  35  3:16  Probe  
  38  3:28  Gateway  
  38  3:29  Gateway  
  38  3:30  Probe  
  38  3:32  Probe  
  40  3:38  Pylon  
  40  3:42  Probe  
  40  3:44  Probe  
  40  3:45  Stalker  
  44  3:54  Probe  
  45  3:57  Probe  
  46  4:06  Probe  
  46  4:09  Probe  
  48  4:13  Robotics Facility  
  48  4:17  Assimilator  
  48  4:18  Pylon  
  48  4:25  Probe  
  49  4:32  Stalker x2  
  49  4:34  Nexus  
  53  4:38  Stalker  
  53  4:40  Charge  
  53  4:41  Probe  
  56  4:47  Assimilator  
  56  4:48  Pylon  
  56  4:57  Probe, Forge  
  57  5:00  Forge  
  57  5:11  Protoss Ground Weapons Level 1  
  54  5:28  Probe x2, Protoss Ground Armor Level 1  
  54  5:29  Observer  
  57  5:40  Probe  
  57  5:41  Photon Cannon  
  58  5:44  Probe  
  58  5:46  Photon Cannon  
  58  5:48  Probe  
  60  5:51  Observer  
  60  5:52  Probe  
  60  5:55  Gateway  
  60  5:56  Gateway, Probe  
  63  5:58  Gateway  
  63  6:00  Probe  
  64  6:06  Probe  
  64  6:08  Probe  
  64  6:11  Pylon  
  66  6:12  Observer  
  66  6:13  Photon Cannon, Probe  
  66  6:18  Probe  
  69  6:24  Probe  
  69  6:25  Probe  
  71  6:29  Pylon  
  71  6:36  Gateway  
  71  6:37  Gateway  
  71  6:38  Gateway  
  67  6:47  Zealot x2  
  67  6:48  Zealot  
  67  6:51  Immortal  
  73  6:59  Zealot x2  
  73  7:00  Zealot  
  83  7:05  Pylon  
  83  7:08  Zealot x2  
  83  7:09  Zealot  
  83  7:24  Zealot x2  
  83  7:25  Zealot  
  71  7:32  Zealot  
  71  7:33  Zealot x2  
  59  7:54  Zealot x3  
  59  7:55  Zealot x3  
  59  7:56  Zealot x2  
  72  8:07  Zealot  
  60  8:15  Zealot x3  
  60  8:16  Zealot x4  
  58  8:36  Zealot x5  
  58  8:37  Stalker, Zealot x2  
  58  8:38  Stalker  
  62  8:59  Zealot x3  
  62  9:00  Zealot x4  
  62  9:01  Zealot x2  
  60  9:20  Zealot  
  60  9:21  Zealot x5  
  60  9:23  Zealot  
  72  9:31  Zealot x2  
Tags
 
Add a new tag
Caveats
  • Supply blocks, unpowered buildings, or Contaminate may cause inaccurate times.
  • Supply counts are checked every 10 seconds.